 Dungeon Crawl Stone Soup version 0.21-a0-417-g0adc95b (webtiles) character file.

359 dricus the Magician (level 6, -3/32 HPs)
             Began as a Gargoyle Fire Elementalist on Nov 3, 2017.
             Slain by Prince Ribbit (10 damage)
             ... on level 5 of the Dungeon.
             The game lasted 00:07:44 (5106 turns).

dricus the Magician (Gargoyle Fire Elementalist)    Turns: 5106, Time: 00:07:44

Health: -3/32      AC:  7    Str: 12    XL:     6   Next: 65%
Magic:  2/13       EV: 12    Int: 17    God:
Gold:   152        SH:  0    Dex: 10    Spells: 4/14 levels left

rFire    . . .     SeeInvis .   a - +0 dagger (venom)
rCold    . . .     Gourm    .   (no shield)
rNeg     + + .     Faith    .   d - +0 robe
rPois    ∞         Spirit   .   l - +0 helmet
rElec    +         Reflect  .   (no cloak)
rCorr    .         Harm     .   (no gloves)
MR       +....                  (no boots)
Stlth    ++........             (no amulet)
HPRegen  0.10/turn              e - ring of positive energy
MPRegen  0.13/turn              i - ring of protection from magic

@: very slightly contaminated
A: negative energy resistance 1, electricity resistance, unbreathing,
petrification resistance, rot immunity, AC +4
a: no special abilities


You were on level 5 of the Dungeon.
You were not hungry.

You visited 1 branch of the dungeon, and saw 5 of its levels.

You collected 152 gold pieces.

Inventory:

Hand Weapons
 a - a +0 dagger of venom (weapon)
Armour
 d - a +0 robe (worn)
 l - a +0 helmet (worn)
Jewellery
 e - a ring of positive energy (left hand)
 i - a ring of protection from magic (right hand)
Wands
 t - a wand of polymorph (14/24)
Scrolls
 f - 2 scrolls of teleportation {unknown}
 j - a scroll of remove curse
 n - a scroll of noise {unknown}
 o - a scroll of fear {unknown}
 x - a scroll of amnesia {unknown}
 y - a scroll of magic mapping {unknown}
Potions
 g - 2 potions of might {unknown}
 k - a potion of flight {unknown}
 m - 2 potions of haste {unknown}
 p - 2 potions of heal wounds {unknown}
 q - a potion of agility {unknown}
 r - a potion of curing {unknown}
 u - a potion of brilliance {unknown}
 w - a potion of lignification {unknown}
Books
 b - a book of Flames

   Spells                             Type                      Level
   a - Flame Tongue                   Conjuration/Fire             1
   b - Throw Flame                    Conjuration/Fire             2
   c - Conjure Flame                  Conjuration/Fire             3
   d - Inner Flame                    Hexes/Fire                   3
   e - Sticky Flame                   Conjuration/Fire             4
   f - Fireball                       Conjuration/Fire             5
 s - a book of Minor Magic

   Spells                             Type                      Level
   a - Magic Dart                     Conjuration                  1
   b - Blink                          Translocation                2
   c - Call Imp                       Summoning                    2
   d - Slow                           Hexes                        2
   e - Conjure Flame                  Conjuration/Fire             3
   f - Mephitic Cloud                 Conjuration/Poison/Air       3
Comestibles
 c - 3 bread rations
 h - a royal jelly
 z - a meat ration


   Skills:
 - Level 1.5 Dodging
 - Level 2.1 Stealth
 * Level 4.6 Spellcasting
 + Level 3.5 Conjurations
 + Level 4.4 Fire Magic


You had 4 spell levels left.
You knew the following spells:

 Your Spells              Type           Power        Failure   Level  Hunger
a - Flame Tongue          Conj/Fire      ###..        2%          1    None
b - Conjure Flame         Conj/Fire      ###.....     9%          3    ###....
c - Sticky Flame          Conj/Fire      ###.....     28%         4    ####...
f - Blink                 Tloc           N/A          22%         2    ##.....


Dungeon Overview and Level Annotations

Branches:
Dungeon (5/15)
 Temple: D:4-7

Altars:
Trog
Yredelemnul

Annotations:
D:5 Prince Ribbit


Innate Abilities, Weirdness & Mutations

You are resistant to torment.
Your stone body is resilient. (AC +4)
You are immune to poison.
You resist negative energy. (rN+)
You are resistant to electric shocks. (rElec)
You can survive without breathing.
You are immune to petrification.
You are immune to rotting.


Message History

Aim: Prince Ribbit (moderately wounded)
The flame tongue hits Prince Ribbit.
Prince Ribbit is heavily wounded.
Prince Ribbit barely misses you.
Casting: Flame Tongue
Confirm with . or Enter, or press ? or * to list all spells.
Aiming: Sticky Flame
Press: ? - help, Shift-Dir - straight line, f/p - Prince Ribbit
Aim: Prince Ribbit (heavily wounded)
You miscast Sticky Flame.
Nothing appears to happen.
Prince Ribbit hits you!
* * * LOW HITPOINT WARNING * * *
Casting: Sticky Flame
Confirm with . or Enter, or press ? or * to list all spells.
Aiming: Flame Tongue
Press: ? - help, Shift-Dir - straight line, f/p - Prince Ribbit
Aim: Prince Ribbit (heavily wounded)
The flame tongue hits Prince Ribbit.
Prince Ribbit is heavily wounded.
Prince Ribbit misses you. Prince Ribbit hits you!
You die...

#...# ..... ...
... #.# #.#
####.########
#....@.......
#.##F###########
# #..#...#......
#..#........##
#..#..........
#.......#.....
#..#..........
#..#..........
#..#....###...


You could see Prince Ribbit.

Vanquished Creatures
  Blork the orc (D:5)
  An orc priest (D:4)
  A hound (D:4)
  An orc wizard (D:4)
  3 worker ants
  4 adders
  An adder skeleton (D:5)
  3 worms
  2 dart slugs
  3 leopard geckos
  4 orcs
  9 bats
  6 giant cockroaches
  7 goblins
  5 hobgoblins
  10 kobolds
  2 quokkas
  4 ball pythons
  4 frilled lizards
  10 rats
81 creatures vanquished.

Notes
Turn   | Place    | Note
-------+----------+-------------------------------------------
     0 | D:1      | dricus the Gargoyle Fire Elementalist began the quest for the Orb.
     0 | D:1      | Reached XP level 1. HP: 10/10 MP: 3/3
   439 | D:1      | Reached XP level 2. HP: 13/15 MP: 0/5
  1337 | D:2      | Reached XP level 3. HP: 19/19 MP: 5/7
  1361 | D:2      | Learned a level 3 spell: Conjure Flame
  1390 | D:2      | Found a basalt altar of Yredelemnul.
  2133 | D:3      | Reached XP level 4. HP: 24/24 MP: 4/8
  2190 | D:2      | Learned a level 4 spell: Sticky Flame
  3209 | D:4      | Reached XP level 5. HP: 28/28 MP: 7/10
  4450 | D:4      | Reached XP level 6. HP: 32/32 MP: 10/12
  4720 | D:4      | Learned a level 2 spell: Blink
  4748 | D:5      | Entered Level 5 of the Dungeon
  4803 | D:5      | Found a bloodstained altar of Trog.
  4982 | D:5      | Noticed Blork the orc
  4988 | D:5      | Killed Blork the orc
  5083 | D:5      | Noticed Prince Ribbit
  5106 | D:5      | Slain by Prince Ribbit

Vault maps used:
D:1:      shiori_arrival_maze
D:2:      yredelemnul_altar_generic
D:5:      nicolae_overflow_crystal_walls, first_bread, uniq_blork_the_orc,
          uniq_prince_ribbit1

Skill      XL: |  1  2  3  4  5 |
---------------+----------------+-----
Spellcasting   | 3 4 |  4.6
Conjurations   | 2 3 |  3.5
Fire Magic     | 4 |  4.4
Dodging        | |  1.5
Stealth        | |  2.1

Action                   |  1- 3 |  4- 6 || total
-------------------------+-------+-------++-------
Melee: Hand axe          |    12 |       ||    12
       Dagger            |       |    12 ||    12
 Cast: Flame Tongue      |    70 |   105 ||   175
       Sticky Flame      |       |     1 ||     1
  Use: Scroll            |       |     1 ||     1
  Eat: Chunk             |     4 |     5 ||     9
       Bread ration      |       |     1 ||     1
Armor: Robe              |    12 |    27 ||    39
Dodge: Dodged            |    38 |    51 ||    89

Table legend:
 A = Spawn XP
 B = Non-spawn XP
 C = Spawn XP percentage of total XP
 D = Spawn monster count
 E = Non-spawn monster count
 F = Spawn count percentage of total count
 G = Total turns spent on level
                    A         B        C        D         E        F      G
               +---------+---------+-------+---------+---------+-------+---------
         Total |       0 |     513 |   0.0 |       0 |      81 |   0.0 |  5106
               +---------+---------+-------+---------+---------+-------+---------
           D:1 |       0 |      30 |   0.0 |       0 |      17 |   0.0 |  1196
           D:2 |       0 |      47 |   0.0 |       0 |      19 |   0.0 |   953
           D:3 |       0 |      57 |   0.0 |       0 |      29 |   0.0 |  1013
           D:4 |       0 |     235 |   0.0 |       0 |      12 |   0.0 |  1586
           D:5 |       0 |     144 |   0.0 |       0 |       4 |   0.0 |   358
               +---------+---------+-------+---------+---------+-------+---------
